 Dungeon Crawl Stone Soup version 0.25.1-9-gc5326a611f (webtiles) character file.

Game seed: 7667941032347143152

408 Gwenloh the Poker (level 6, -13/47 HPs)
             Began as a Merfolk Skald on Apr 2, 2022.
             Was a Follower of Uskayaw.
             Mangled by an ogre
             ... wielding a +0 giant spiked club
              (22 damage)
             ... on level 5 of the Dungeon.
             The game lasted 00:14:52 (5203 turns).

Gwenloh the Poker (Merfolk Skald)                   Turns: 5203, Time: 00:14:52

Health: -13/47     AC:  3    Str: 18    XL:     6   Next: 88%
Magic:  6/10       EV: 14    Int: 12    God:    Uskayaw [*.....]
Gold:   164        SH:  0    Dex: 15    Spells: 6/11 levels left

rFire    . . .     SeeInvis .   a - +0 spear
rCold    . . .     Gourm    .   (no shield)
rNeg     . . .     Faith    .   e - +0 leather armour
rPois    .         Spirit   .   (no helmet)
rElec    .         Reflect  .   (no cloak)
rCorr    .         Harm     .   (no gloves)
MR       +....                  (no boots)
Stlth    +.........             (no amulet)
HPRegen  0.15/turn              c - +6 ring of strength
MPRegen  0.12/turn              r - ring of protection from magic

@: no status effects
A: change form in water, swift swim, stealthy swim
a: Stomp, Renounce Religion


You were on level 5 of the Dungeon.
You worshipped Uskayaw.
Uskayaw was noncommittal.
You were hungry.

You visited 1 branch of the dungeon, and saw 5 of its levels.
You also visited: Ossuary.

You collected 164 gold pieces.

Inventory:

Hand Weapons
 a - a +0 spear (weapon)
Missiles
 g - 193 stones (quivered)
 n - 17 sling bullets
Armour
 e - a +0 leather armour (worn)
Jewellery
 c - a +6 ring of strength (left hand)
 r - a ring of protection from magic (right hand)
Scrolls
 b - a scroll of enchant weapon {unknown}
 f - 2 scrolls of immolation {unknown}
 h - a scroll of teleportation
 i - 3 scrolls of identify
 l - a scroll of amnesia
 o - a scroll of enchant armour
 p - a scroll of remove curse
 q - a scroll of fear {unknown}
Potions
 j - a potion of flight {unknown}
 k - a potion of heal wounds {unknown}
 m - 3 potions of haste {unknown}
Comestibles
 d - 9 rations
 s - a chunk of flesh


   Skills:
 + Level 3.5 Fighting
 * Level 6.2 Polearms
 - Level 0.6 Armour
 + Level 4.3 Dodging
 + Level 3.1 Spellcasting
 + Level 4.3 Charms
 + Level 1.4 Invocations


You had 6 spell levels left.
You knew the following spells:

 Your Spells              Type           Power        Failure   Level  Hunger
a - Infusion              Chrm           ##..         4%          1    #......
b - Song of Slaying       Chrm           ##......     7%          2    ###....
c - Shroud of Golubria    Chrm/Tloc      #.....       19%         2    ###....

Your spell library contained the following spells:

 Spells                   Type           Power        Failure   Level  Hunger
 Ozocubu's Armour         Chrm/Ice       #.......     34%         3    ###....
 Spectral Weapon          Hex/Chrm       #.......     34%         3    ###....


Dungeon Overview and Level Annotations

Branches:
Dungeon (5/15)            Ossuary (visited)
 Temple: D:4-7

Altars:
Cheibriados
Elyvilon
Qazlal
Ru
Uskayaw
Yredelemnul
The Shining One

Shops:
D:4 (


Message History

There is an open door here.
A leopard gecko comes into view.
The leopard gecko hisses angrily.
The leopard gecko bites you.
* * * LOW HITPOINT WARNING * * *
You hit the leopard gecko!
You kill the leopard gecko!
Your magical contamination has completely faded away.
Found a stone staircase leading down.
You see here a leopard gecko corpse.
An ogre comes into view. It is wielding a +0 giant spiked club.
The ogre shouts!
Your magical infusion is running out.
Found a dark potion.
You are no longer magically infusing your attacks.
Some of the chunks of flesh in your inventory have rotted away.
Okay, then.
There is a stone staircase leading up here.
The ogre hits you with a +0 giant spiked club!!
You die...

..### ###..........###.. ###
##..............#.. .#
##.................. #>.#
##................... ####.#####
#...............##... .........#
#.............#.####[ .........#
#.............#..# ## .........#
#.............#..## .........#
##..O@.........##..#
.........###.............###..#
..........##.............# ##.###
.........................# ##....
........###.............####.....
........# ###...........###...>..
.......## #..........###..#....
......## #........###..##....#
.....## ##......###..########


You could see an ogre.

Vanquished Creatures
  A crimson imp (D:5)
  A jelly (D:5)
  A hound (D:4)
  An iguana (D:5)
  4 worker ants
  A hound skeleton (D:4)
  5 gnolls
  3 adders
  A shadow imp (D:5)
  An ooze (D:2)
  5 worms
  2 leopard geckos
  2 orcs
  7 giant cockroaches
  8 goblins
  7 hobgoblins
  9 jackals
  6 kobolds
  3 quokkas
  A ball python (D:4)
  7 bats
  6 frilled lizards
  8 rats
90 creatures vanquished.

Notes
Turn   | Place    | Note
-------+----------+-------------------------------------------
     0 | D:1      | Gwenloh the Merfolk Skald began the quest for the Orb.
     0 | D:1      | Reached XP level 1. HP: 16/16 MP: 3/3
   158 | D:1      | Reached XP level 2. HP: 22/22 MP: 0/5
   419 | D:1      | Reached XP level 3. HP: 28/28 MP: 2/6
   882 | D:2      | Reached skill level 4 in Polearms
  1332 | D:2      | Learned a level 2 spell: Song of Slaying
  1335 | D:2      | Learned a level 2 spell: Shroud of Golubria
  1845 | D:2      | Reached XP level 4. HP: 33/34 MP: 7/7
  1855 | D:2      | Found a hide-covered altar of Uskayaw.
  1855 | D:2      | Found a white marble altar of Elyvilon.
  2391 | D:3      | Found a stormy altar of Qazlal.
  2426 | D:3      | Reached XP level 5. HP: 40/41 MP: 2/8
  2512 | D:3      | Reached skill level 5 in Polearms
  2786 | D:3      | Found a sacrificial altar of Ru.
  2793 | D:3      | Found a glowing golden altar of the Shining One.
  2793 | D:3      | Found a basalt altar of Yredelemnul.
  2798 | D:3      | Found a snail-covered altar of Cheibriados.
  2917 | D:2      | Became a worshipper of Uskayaw the Reveler
  3034 | D:3      | Reached * piety under Uskayaw
  3281 | D:3      | Reached ** piety under Uskayaw
  3909 | D:4      | Reached XP level 6. HP: 40/47 MP: 4/10
  3913 | D:4      | Reached *** piety under Uskayaw
  3917 | D:4      | Reached **** piety under Uskayaw
  4085 | D:4      | Reached skill level 1 in Invocations
  4480 | D:4      | Found Zaden's Weapon Boutique.
  4718 | D:5      | Entered Level 5 of the Dungeon
  4732 | D:5      | Reached skill level 6 in Polearms
  4902 | D:5      | Found a basalt altar of Yredelemnul.
  5130 | D:5      | Found a sand-covered staircase.
  5135 | Ossuary  | Entered an ossuary
  5203 | D:5      | Mangled by an ogre

Illustrated notes

Levels and vault maps discovered:
D:1:      eino_arrival_cavern_a, layout_basic, serial_corexii_hall,
          corexii_hall_statues_x, corexii_hall_statues_t
D:2:      layout_loops_ring, gammafunk_temple_overflow_elements
D:3:      layout_rooms, minitemple, overflow_temple_1_default
D:4:      layout_basic, serial_shops, nicolae_shop_trees,
          palyth_stone_intersect, saegor_snake_ambush
D:5:      layout_cave_pods, zin_statuary, enter_ossuary_2, first_ration,
          basic_altar

Skill      XL: |  1  2  3  4  5  6 |
---------------+-------------------+-----
Dodging        | 3 4 |  4.3
Polearms       | 4 5 6 |  6.2
Fighting       | 3 |  3.5
Charms         | 4 |  4.3
Invocations    | 1 |  1.4
Spellcasting   | 3 |  3.1
Armour         | |  0.6

Action                   |  1- 3 |  4- 6 || total
-------------------------+-------+-------++-------
Melee: Spear             |    95 |   248 ||   343
 Fire: Hunting sling     |       |    13 ||    13
Throw: Stone             |       |     2 ||     2
 Cast: Infusion          |    14 |     9 ||    23
       Shroud of Golubri |       |    11 ||    11
       Song of Slaying   |       |     5 ||     5
Invok: Stomp             |       |     4 ||     4
       Line Pass         |       |     1 ||     1
  Use: Scroll            |       |     5 ||     5
 Stab: Sleeping          |     2 |     3 ||     5
       Distracted        |     1 |       ||     1
       Paralysed         |       |     2 ||     2
       Confused          |       |     1 ||     1
  Eat: Chunk             |     3 |    13 ||    16
Armor: Leather armour    |     6 |    47 ||    53
Dodge: Dodged            |    23 |   162 ||   185
